 Dungeon Crawl Stone Soup version 0.29.0-4-gdea44cf6ec (webtiles) character file.

Game seed: 14814584114373794625

112 qw the Chopper (level 4, 0/26 HPs)
             Began as a Tengu Warper on Aug 28, 2022.
             Succumbed to a crimson imp's poison
             ... on level 3 of the Dungeon.
             The game lasted 00:00:14 (2521 turns).

qw the Chopper (Tengu Warper)                       Turns: 2521, Time: 00:00:14

Health: 0/26       AC: 11    Str: 13    XL:     4   Next: 93%
Magic:  8/8        EV:  9    Int: 14    God:
Gold:   1102       SH:  0    Dex: 13    Spells: 7/7 levels left

rFire   . . .      SeeInvis .   Y - +0 hand axe
rCold   . . .      Faith    .   (no shield)
rNeg    + + .      Spirit   .   d - +0 pearl dragon scales
rPois   .          Reflect  .   (helmet restricted)
rElec   .          Harm     .   (no cloak)
rCorr   +          Rampage  .   (no gloves)
Will    .....                   (boots unavailable)
Stlth   ..........              (no amulet)
HPRegen 0.08/turn               j - ring of resist corrosion
MPRegen 0.11/turn               l - ring of positive energy

@: lethally poisoned (0 -> -3), about to teleport
A: beak, talons 3
a: no special abilities


You were on level 3 of the Dungeon.
You visited 1 branch of the dungeon, and saw 3 of its levels.

You collected 1102 gold pieces.


Innate Abilities, Weirdness & Mutations

You have a beak for a mouth.
You have claws for feet.


   Skills:
 - Level 2.0 Fighting
 + Level 5.0 Axes
 - Level 1.0 Throwing
 - Level 2.3 Armour
 - Level 2.1 Dodging
 - Level 2.0 Spellcasting
 - Level 2.4 Translocations


You had 7 spell levels left.
You didn't know any spells.
Your spell library contained the following spells:

 Spells                   Type           Power      Damage    Failure   Level
 Blink                    Tloc           16%        N/A       65%         2
 Gell's Gravitas          Tloc           8%         N/A       86%         3
 Lesser Beckoning         Tloc           8%         N/A       86%         3
 Teleport Other           Tloc           8%         N/A       86%         3
 Manifold Assault         Tloc           8%         N/A       100%        5

Inventory:

Hand Weapons
 g - a +0 club
 Y - a +0 hand axe (weapon)
Missiles
 b - 3 boomerangs (quivered)
Armour
 d - +0 pearl dragon scales (worn)
Jewellery
 j - a ring of resist corrosion (left hand)
 l - a ring of positive energy (right hand)
Scrolls
 a - a scroll of teleportation
 c - a scroll of magic mapping {unknown}
 h - a scroll of identify
Potions
 i - 2 potions of curing
 k - a potion of brilliance {unknown}
 m - a potion of resistance {unknown}
 n - a potion of invisibility {unknown}
 o - a potion of cancellation {unknown}

Dungeon Overview and Level Annotations

Branches:
Dungeon (3/15)

Altars:
Xom

Shops:
D:1 [


Message History

You barely miss the crimson imp. The crimson imp hits you.
The crimson imp hits you with a +2 dagger of chaos.
You barely miss the crimson imp.
The crimson imp is lightly wounded.
You hit the crimson imp but do no damage.
The crimson imp barely misses you.
The crimson imp hits you with a +2 dagger of chaos.
You are poisoned.
You closely miss the crimson imp.
You peck the crimson imp, but do no damage.
The crimson imp is lightly wounded.
You barely miss the crimson imp.
You feel sick.
The crimson imp hits you but does no damage.
The orc priest looks braver for a moment.
The crimson imp blinks!
You hit the crimson imp. You claw the crimson imp.
Your peck misses the crimson imp.
The crimson imp is severely wounded.
You feel sick.
The crimson imp shouts, "Crawl home, thou odious nose-picking cross-patch!"
The crimson imp completely misses you.
The crimson imp blinks!
You hit the crimson imp but do no damage.
Your kick misses the crimson imp.
The crimson imp is heavily wounded.
You hit the crimson imp but do no damage.
You feel sick.
The crimson imp hits you but does no damage.
The crimson imp closely misses you.
You miss the crimson imp. Your kick misses the crimson imp.
The crimson imp is heavily wounded.
You hit the crimson imp but do no damage.
You feel sick.
The crimson imp hits you but does no damage.
The crimson imp hits you with a +2 dagger of chaos.
2521 ||| READING 2 scrolls of teleportation.
As you read the scroll of teleportation, it crumbles to dust.
You feel strangely unstable.
You die...

####### ....>########
#..........
#..........
#.......... ..
##....#####
.#..###.##..####
.........##....###
....###.5@..##...#####
..
###5####.......#####
#.^.oo..#............
###._.###..###<......
..... #..# #..#####
####'####..# #....###
#....#.....# #.##....
#..###.##'####.###...
#...##.#.............


You could see an orc priest, 2 crimson imps and an orc.

Vanquished Creatures
  A crimson imp (D:3)
  4 adders
  2 worms (D:2)
  2 orcs (D:3)
  5 ball pythons
  3 bats
  2 endoplasms (D:2)
  A hobgoblin (D:3)
  2 kobolds (D:3)
  A quokka (D:1)
  A frilled lizard (D:2)
  8 goblins
  6 rats
38 creatures vanquished.

Vanquished Creatures (others)
  5 fungi (D:3)
  7 plants
12 creatures vanquished.

Grand Total: 50 creatures vanquished

Notes
Turn   | Place    | Note
-------+----------+-------------------------------------------
     0 | D:1      | qw the Tengu Warper began the quest for the Orb.
     0 | D:1      | Reached XP level 1. HP: 12/12 MP: 4/4
     0 | D:1      | 0 ||| qw: Version: 0.1-a-89-g26bdef1
     0 | D:1      | 0 ||| qw: Game counter: 380
     0 | D:1      | 0 ||| qw: Always use a shield: true
     0 | D:1      | 0 ||| qw: God list: Okawaru
     0 | D:1      | 0 ||| qw: Allow faded altars: false
     0 | D:1      | 0 ||| qw: Do Orc after D:15 true
     0 | D:1      | 0 ||| qw: Do second Lair branch before Depths: true
     0 | D:1      | 0 ||| qw: Lair rune preference: random
     0 | D:1      | 0 ||| qw: Plans: Normal
     0 | D:1      | 0 ||| PLANNING D:1-11
   292 | D:1      | Reached XP level 2. HP: 17/17 MP: 6/6
   324 | D:1      | Reached skill level 3 in Axes
   324 | D:1      | Found Egaig Qaovih's Armour Boutique.
   336 | D:1      | 336 ||| SHOPLISTING +1 cloak of Starlight {*Dazzle EV+4
                  | Stlth--} (396 gold, have 24).
   336 | D:1      | 336 ||| SHOPLISTING +2 pair of gloves (214 gold, have 24).
   336 | D:1      | 336 ||| SHOPLISTING +3 plate armour of cold resistance (585
                  | gold, have 24).
   700 | D:1      | 700 ||| UPGRADING to +0 pearl dragon scales.
   710 | D:1      | 710 ||| DROPPING +0 leather armour.
   711 | D:1      | 711 ||| READING 2 scrolls labelled SATOZARALO.
   714 | D:1      | 714 ||| READING 3 scrolls labelled LUMIQI XAMEPS.
   715 | D:1      | 715 ||| DRINKING 2 sedimented amethyst potions.
   816 | D:1      | 816 ||| READING 2 scrolls of identify.
   816 | D:1      | 816 ||| IDENTIFYING grey potion
   817 | D:1      | 817 ||| DROPPING scroll of blinking.
   818 | D:1      | 818 ||| DROPPING potion of ambrosia.
  1069 | D:2      | Reached XP level 3. HP: 14/21 MP: 7/7
  1246 | D:2      | 1246 ||| Stepping ~*~*~tactically~*~*~ (stealth).
  1247 | D:2      | 1247 ||| Stepping ~*~*~tactically~*~*~ (stealth).
  1249 | D:2      | Reached skill level 4 in Axes
  1986 | D:2      | 1986 ||| UPGRADING to ring of resist corrosion.
  1987 | D:2      | 1987 ||| UPGRADING to ring of positive energy.
  1988 | D:2      | 1988 ||| READING 2 scrolls labelled UCSILI GESUNN.
  1989 | D:2      | 1989 ||| READING scroll labelled JUYQISI REAN.
  1989 | D:2      | Identified a scroll of acquirement
  1989 | D:2      | 1989 ||| ACQUIRING 1016 gold pieces
  1989 | D:2      | Acquired 1016 gold pieces
  1991 | D:2      | 1991 ||| READING scroll labelled TIAPLA LAIQU.
  1992 | D:2      | 1992 ||| READING 2 scrolls of identify.
  1992 | D:2      | 1992 ||| IDENTIFYING metallic golden potion
  1993 | D:2      | 1993 ||| DROPPING scroll of immolation.
  2059 | D:3      | 2059 ||| Stepping ~*~*~tactically~*~*~ (stealth).
  2081 | D:3      | Reached XP level 4. HP: 17/26 MP: 8/8
  2083 | D:3      | 2083 ||| FLEEEEING.
  2085 | D:3      | 2085 ||| FLEEEEING.
  2086 | D:3      | 2086 ||| FLEEEEING.
  2087 | D:3      | 2087 ||| FLEEEEING.
  2088 | D:3      | 2088 ||| FLEEEEING.
  2089 | D:3      | 2089 ||| FLEEEEING.
  2090 | D:3      | 2090 ||| FLEEEEING.
  2091 | D:3      | 2091 ||| STAIRDANCE
  2226 | D:3      | 2226 ||| STAIRDANCE
  2361 | D:3      | Reached skill level 5 in Axes
  2364 | D:3      | HP: 6/26 [orc priest/+0 club (4)]
  2365 | D:3      | 2365 ||| READING 3 scrolls of teleportation.
  2366 | D:3      | 2366 ||| DRINKING potion of heal wounds.
  2469 | D:3      | 2469 ||| Invisible monster not found???
  2477 | D:3      | Found a shimmering altar of Xom.
  2494 | D:3      | 2494 ||| Stepping ~*~*~tactically~*~*~ (hiding).
  2520 | D:3      | HP: 1/26 [crimson imp/+2 dagger of chaos (6)]
  2521 | D:3      | 2521 ||| READING 2 scrolls of teleportation.
  2521 | D:3      | Succumbed to a crimson imp's poison

Levels and vault maps discovered:
D:1:      dpeg_arrival_windows_large_door, layout_basic, serial_shops,
          nicolae_shop_waterfront, serial_forest, infiniplex_forest_end_2,
          infiniplex_forest_clump_medium, infiniplex_forest_lined_3,
          infiniplex_forest_lined_room_2, infiniplex_forest_corner_2,
          infiniplex_forest_clump_large, infiniplex_forest_split,
          grunt_decor_fettered
D:2:      layout_loops_ring
D:3:      cheibrodos_greedy_goblins, layout_basic, led_xom_imps,
          shapermc_ecumenical_altar_mp_urbaneastern, kennysheep_jessica_study

Skill      XL: |  1  2  3  4 |
---------------+-------------+-----
Axes           | 3 4 5 |  5.0
Armour         | 2 |  2.3
Fighting       | |  2.0
Throwing       | |  1.0
Dodging        | |  2.1
Spellcasting   | |  2.0
Translocations | |  2.4

Action                   |  1- 3 |  4- 6 || total
-------------------------+-------+-------++-------
Melee: Hand axe          |    55 |    51 ||   106
       Kick              |    12 |     9 ||    21
       Peck              |     8 |     7 ||    15
Throw: Boomerang         |    30 |     5 ||    35
  Use: Scroll            |     7 |     2 ||     9
       Potion            |     1 |     1 ||     2
Armor: Leather armour    |     3 |       ||     3
       Pearl dragon scal |    21 |    28 ||    49
Dodge: Dodged            |    16 |    23 ||    39

Table legend:
 A = Non-vault XP
 B = Vault XP
 C = Vault XP percentage of total XP
 D = Non-vault monster count
 E = Vault monster count
 F = Vault count percentage of total count
                 A         B        C        D         E       F
            +---------+---------+-------+---------+---------+-------
      Total |     114 |      46 |  28.8 |      37 |       1 |   2.6
            +---------+---------+-------+---------+---------+-------
        D:1 |      19 |       0 |   0.0 |      12 |       0 |   0.0
        D:2 |      38 |       0 |   0.0 |      13 |       0 |   0.0
        D:3 |      57 |      46 |  44.7 |      12 |       1 |   7.7
            +---------+---------+-------+---------+---------+-------
